cohdb
Replays
Latest Replays
All Replays
Popular Replays
Top Player Replays
Match Explorer
How It Works
Community
CoH3 Stats
Reddit
Sign in to upload your games and track your stats! →
Sign in with Steam
Match 46657424
Unlisted
Match 46657424
Overview
Messages
Build Orders
End
Engineer Squad
Construct Barracks
Riflemen Squad
Selects Advanced Infantry Battlegroup
Riflemen Squad
Grenade Package
Construct Weapon Support Center
Scout Squad
Selects Artillery Observers
Construct Medical Station
M1919 Machine Gun Team
Infantry Support Center
M3 Armored Personnel Carrier
Artillery Observer Squad
Artillery Observer Squad
Advanced Logistics
Survival Training
M1918 Browning Automatic Rifles
Selects M2A1 105mm Howitzer Emplacement
Improved M9 Bazooka Rockets
Artillery Observer Squad
M1919 Machine Gun Team
Bazooka Squad
Engineer Squad
Selects Free Fire Drills
Selects Convert to Ranger Squad
Selects Designate Assault Position
Selects Infantry Assault
Bazooka Squad
Bazooka Squad
Bazooka Squad
~TAB~ THUND3RCHUNKY
BassAngler5000
Nuts
User
0
0
Comments
sign in to comment!
No comments posted yet!